 Dungeon Crawl Stone Soup version 0.32-a0-909-gc671339a80 (webtiles) character file.

Game seed: 12193586312888178851

462 Estrix the Changeling (level 6, -4/51 HPs)
             Began as a Draconian Shapeshifter on Apr 6, 2024.
             Succumbed to a gnoll's poison
             ... on level 4 of the Dungeon.
             The game lasted 00:12:30 (3566 turns).

Estrix the Changeling (Draconian Shapeshifter)      Turns: 3566, Time: 00:12:31

Health: -4/51      AC:  6    Str: 24    XL:     6   Next: 79%
Magic:  6/6        EV: 11    Int: 11    God:
Gold:   227        SH:  0    Dex: 10    Spells: 5/5 levels left

rFire   . .          .
                       - Unarmed
rCold   . . .        (no shield)
rNeg    . . .        (body armour unavailable)
rPois   .            (helmet currently unavailable)
rElec   .            (cloak currently unavailable)
rCorr   .            u - melded +2 pair of gloves
SInv    .            (boots currently unavailable)
Will    .....        (no amulet)
Stlth   +            d - +6 ring of strength
HPRegen 0.28/turn    (no ring)
MPRegen 0.10/turn

%: no passive effects
@: lethally poisoned (-4 -> -24), beast-form
A: beast (slay +2), AC +6, unfitting armour, cold-blooded
a: Begin Untransformation


You were on level 4 of the Dungeon.
You were a hulking beast.
You visited 1 branch of the dungeon, and saw 4 of its levels.

You collected 227 gold pieces.

Inventory:

Missiles
 k - 6 poisoned darts
 l - 5 silver javelins (quivered)
Armour
 m - a +0 scale mail
 u - a +2 pair of gloves (melded)
 x - a +0 cloak
Jewellery
 d - a +6 ring of strength (left hand)
 v - a ring of fire
Talismans
 b - a beast talisman (active)
 c - a flux talisman
 p - a dragon-blood talisman
Scrolls
 e - 2 scrolls of torment {unknown}
 j - 2 scrolls of fog {unknown}
 n - a scroll of fear {unknown}
 q - 2 scrolls of identify {unknown}
 w - a scroll of immolation {unknown}
Potions
 a - a potion of lignification
 f - a potion of mutation {unknown}
 g - a potion of resistance {unknown}
 h - 2 potions of curing {unknown}
 i - a potion of degeneration {unknown}
 o - a potion of haste {unknown}
 r - a potion of brilliance {unknown}
 s - 3 potions of enlightenment {unknown}
 t - 3 potions of attraction {unknown}
 z - a potion of might {unknown}
 A - a potion of invisibility {unknown}
 B - a potion of heal wounds {unknown}


   Skills:
 + Level 3.6 Fighting
 + Level 3.4 Dodging
 + Level 4.4 Unarmed Combat
 * Level 4.9 Shapeshifting


You had 5 spell levels left.
You didn't know any spells.
Your spell library contained the following spells:

 Spells                   Type           Power      Damage    Failure   Level
 Inner Flame              Hex/Fire       0%         N/A       71%         3
 Irradiate                Conj/Alch      0%         3d11      100%        5
 Ignition                 Fire           0%         3d3       100%        8


Dungeon Overview and Level Annotations

Branches:
Dungeon (4/15)
 Temple: D:4-7

Altars:
Uskayaw
Vehumet

Shops:
D:2 =(**[

Portals:
Abyss: D:3

Annotations:
D:3 2 transporters, NotYourErnst's ghost, weakling GrGl


Innate Abilities, Weirdness & Mutations

You are a hulking beast.
Your limbs bulge with bestial killing power. (Slay +2)
Your plain brown scales are hard. (AC +6)
You cannot fit into any form of body armour.
You are cold-blooded and may be slowed by cold attacks.


Message History

The bombardier beetle sprays incendiary fluid at you.
The burning spray misses you.
You punch the bombardier beetle!
You kill the bombardier beetle!
A gnoll comes into view. It is wielding a +0 club.
The gnoll shouts!
You hear a shout!
You see here a bombardier beetle corpse.
Things that are here:
a +0 whip; a +0 halberd You hit the gnoll.
The gnoll is moderately wounded.
The gnoll misses you.
You barely miss the gnoll.
The gnoll is moderately wounded.
The gnoll hits you with a +0 club!
A gnoll comes into view. It is wielding a +1 halberd of venom.
You completely miss the gnoll. You tail-slap the gnoll.
The gnoll is heavily wounded.
The gnoll hits you but does no damage.
You hit the gnoll.
The gnoll is severely wounded.
The gnoll hits you but does no damage.
You hit the gnoll but do no damage.
The gnoll is severely wounded.
The gnoll misses you.
The gnoll hits you from afar with a +1 halberd of venom!
You are poisoned.
You hit the gnoll.
You kill the gnoll!
You feel very sick.
The gnoll hits you from afar with a +1 halberd of venom!
* * * LOW HITPOINT WARNING * * *
You are more poisoned.
* * * LOW HITPOINT WARNING * * *
You feel very sick. The gnoll closely misses you.
You see here a +0 club.
You hit the gnoll. You punch the gnoll.
The gnoll is severely wounded.
You die...

.... ... ... .. .# ## ##.#
##.. ##### #..# #....
##...### #.# #.....
##......## #h# #......
##........###g# ##.......
#..........##.####........
##..........#..†...........
#.<...........#............
#............#####.g.......
##..........## ##........
#..........# #........
#....).....# #........


You could see a gnoll.

Vanquished Creatures
  2 ogres (D:4)
  A phantom (D:3)
  A bombardier beetle (D:4)
  7 gnolls
  4 adders
  3 dart slugs
  4 ribbon worms
  3 orcs
  7 endoplasms
  A goblin (D:2)
  11 hobgoblins
  2 jackals (D:3)
  A quokka (D:1)
  8 ball pythons
  2 bats
  2 frilled lizards
  5 kobolds
  4 rats
68 creatures vanquished.

Notes
Turn   | Place    | Note
-------+----------+-------------------------------------------
     0 | D:1      | Estrix the Draconian Shapeshifter began the quest for the
                  | Orb.
     0 | D:1      | Reached XP level 1. HP: 16/16 MP: 1/1
   245 | D:1      | Reached XP level 2. HP: 23/23 MP: 2/2
  1059 | D:2      | Found Sait's Antique Weapon Boutique.
  1170 | D:2      | Found Jebiasat's Assorted Antiques.
  1178 | D:2      | Found Canan Zyma's Assorted Antiques.
  1196 | D:2      | Reached XP level 3. HP: 18/29 MP: 3/3
  1518 | D:2      | Found Qiutze's Armour Shop.
  1767 | D:2      | Found Yciut's Jewellery Shoppe.
  1893 | D:3      | Found a transporter.
  1976 | D:3      | Reached XP level 4. HP: 28/36 MP: 4/4
  2274 | D:3      | Identified the +1 plate armour of the Modern Knaves
                  | {^Contam rN++ Will+ SInv}
  2397 | D:3      | Noticed a small abomination
  2403 | D:3      | Found a transporter.
  2576 | D:3      | Found a one-way gate to the infinite horrors of the Abyss.
  2597 | D:3      | Noticed NotYourErnst's ghost (weakling GrGl)
  2597 | D:3      | Noticed a small abomination
  2674 | D:4      | Noticed a phantom
  2689 | D:3      | Killed a phantom
  2690 | D:3      | Reached XP level 5. HP: 35/44 MP: 5/5
  2905 | D:4      | Found a radiant altar of Vehumet.
  3125 | D:4      | Found a hide-covered altar of Uskayaw.
  3292 | D:4      | Noticed an ogre
  3298 | D:4      | Killed an ogre
  3299 | D:4      | Reached XP level 6. HP: 21/51 MP: 6/6
  3565 | D:4      | HP: 1/51 [poisoned by a gnoll]
  3566 | D:4      | Succumbed to a gnoll's poison

Illustrated notes

Levels and vault maps discovered:
D:1:      lemuel_arrival_river_ford, layout_loops_ring
D:2:      layout_loops_ring, serial_shops, nicolae_square_shop,
          nicolae_shop_overgrown_old_shop, nicolae_shop_advertising_works
          [nicolae_subvault_shop_adworks], nicolae_shop_statue_plus, shop,
          nicolae_half_adder
D:3:      layout_loops_ring, gammafunk_ghost_abyssal_escape
D:4:      layout_cave_pods, nicolae_vehumet_radiance,
          mainiacjoe_overflow_concentric_impassable, minivault_23

Skill      XL: |  1  2  3  4  5 |
---------------+----------------+-----
Dodging        | 2 3 |  3.4
Fighting       | 2 3 |  3.6
Shapeshifting  | 4 |  4.9
Unarmed Combat | 4 |  4.4

Action                     |  1- 3 |  4- 6 || total
---------------------------+-------+-------++-------
  Melee: Unarmed           |    83 |   102 ||   185
         Tailslap          |     7 |     8 ||    15
         Punch             |     1 |     6 ||     7
  Throw: Javelin           |     1 |     3 ||     4
Ability: Begin Untransform |     2 |       ||     2
 Armour: Skin              |    44 |    40 ||    84
  Dodge: Dodged            |    43 |    62 ||   105
   Form: Beast             |     3 |       ||     3
         Dragon            |     1 |       ||     1

Table legend: (Time is in decaauts)
 A = Elapsed time spent in this place.
 B = Non-inter-level travel time spent in this place.
 C = Inter-level travel time spent in this place.
 D = Time resting spent in this place.
 E = Time spent auto-exploring this place.
 F = Levels seen in this place.
 G = Mean time per level.
                   A        B        C        D        E       F      G
               +--------+--------+--------+--------+--------+-----+--------+
         Total |   3578 |   3400 |    178 |    502 |   1297 |   4 |  894.5 |
       Dungeon |   3578 |   3400 |    178 |    502 |   1297 |   4 |  894.5 |
               +--------+--------+--------+--------+--------+-----+--------+

Top non-repeatable levels by time:
     D:2: 1263 daAuts
     D:4: 803 daAuts
     D:1: 790 daAuts
     D:3: 721 daAuts
